 Dungeon Crawl Stone Soup version 0.20-a0-622-g01f5896 (webtiles) character file.

42 PurpleRed the Skirmisher (level 3, 0/27 HPs)
             Began as a Formicid Fighter on Feb 9, 2017.
             Succumbed to an adder's poison
             ... on level 2 of the Dungeon.
             The game lasted 00:03:05 (1082 turns).

PurpleRed the Skirmisher (Formicid Fighter)         Turns: 1082, Time: 00:03:05

Health: 0/27       AC:  6    Str: 20    XL:     3   Next: 80%
Magic:  3/3        EV: 12    Int:  7    God:
Gold:   44         SH: 10    Dex: 16    Spells: 2/2 levels left

rFire    . . .     SeeInvis +   a - +0 war axe
rCold    . . .     Gourm    .   b - +0 scale mail
rNeg     . . .     Faith    .   c - +0 shield
rPois    +         Spirit   .   (helmet unavailable)
rElec    .         Reflect  .   (no cloak)
rCorr    .         Harm     .   (no gloves)
MR       .....                  (no boots)
Stlth    +.........             (no amulet)
Regen    0.1/turn               (no ring)
                                (no ring)

@: agile, lethally poisoned (0 -> -6)
A: permanent stasis, dig shafts and tunnels, four strong arms, antennae 3,
talons 1, blurry vision 1, frail 1, poison resistance
a: Dig, Shaft Self


You were on level 2 of the Dungeon.
You were not hungry.

You visited 1 branch of the dungeon, and saw 2 of its levels.

You collected 44 gold pieces.

Inventory:

Hand Weapons
 a - a +0 war axe (weapon)
Armour
 b - a +0 scale mail (worn)
 c - a +0 shield (worn)
Jewellery
 h - an uncursed ring of poison resistance {unknown}
Scrolls
 g - a scroll of teleportation {unknown}
 k - a scroll of magic mapping {unknown}
 l - a scroll of enchant armour {unknown}
 o - a scroll of identify {unknown}
Potions
 d - a potion of might
 e - a potion of agility
Comestibles
 f - a bread ration
 j - 4 fruits
 m - a meat ration
 n - 2 chunks of flesh


   Skills:
 + Level 3.8 Fighting
 * Level 3.4 Axes
 - Level 3.2 Armour
 - Level 3.6 Shields


You had 2 spell levels left.
You didn't know any spells.

Dungeon Overview and Level Annotations

Branches:
Dungeon (2/15)

Altars:


Innate Abilities, Weirdness & Mutations

You cannot be hasted, slowed, berserked, paralysed or teleported.
You can dig through walls and to a lower floor.
Your four strong arms can wield two-handed weapons with a shield.
You have a pair of large antennae on your head. (SInv)
You have sharp toenails.
Scrolls take you a little longer to read.
You are frail. (-10% HP)
Your system is resistant to poisons. (rPois)


Message History

You feel sick. You block the adder's attack.
It was a potion of mutation.
You feel extremely strange.
Your toenails lengthen and sharpen.
Your vision blurs.
You feel frail.
You feel resistant to poisons. The adder bites you.
* * * LOW HITPOINT WARNING * * *
You block the adder's attack.
Your shield and scale mail prevent you from hitting the adder.
Your kick misses the adder.
The adder is severely wounded.
* * * LOW HITPOINT WARNING * * *
You feel sick. The adder closely misses you.
You hit the adder.
You kill the adder!
* * * LOW HITPOINT WARNING * * *
You feel sick.
Okay, then.
Okay, then.
You begin reading the scroll.
You continue reading the scroll.
You die...

#..# #..# #..# #..# #..#
#..## #...# #.#.##
#.#.@# #....†# ##
#..........############.
#.####.###..............
# #.# .#..#.#..##### #.#
# $#......... #..
#.#<#####. ## #.#.....#.
#.#.###.#.


There were no monsters in sight!

Vanquished Creatures
  2 adders (D:2)
  4 bats (D:1)
  3 giant cockroaches
  5 goblins (D:1)
  4 hobgoblins
  3 frilled lizards (D:1)
  2 kobolds (D:1)
  A rat (D:1)
24 creatures vanquished.

Notes
Turn   | Place    | Note
-------+----------+-------------------------------------------
     0 | D:1      | PurpleRed the Formicid Fighter began the quest for the Orb.
     0 | D:1      | Reached XP level 1. HP: 18/18 MP: 1/1
   239 | D:1      | Reached XP level 2. HP: 24/24 MP: 2/2
   816 | D:1      | Reached XP level 3. HP: 29/29 MP: 3/3
  1078 | D:2      | Gained mutation: You have sharp toenails. [potion of mutation]
  1078 | D:2      | Gained mutation: Scrolls take you a little longer to read. [potion of mutation]
  1078 | D:2      | Gained mutation: You are frail. (-10% HP) [potion of mutation]
  1078 | D:2      | Gained mutation: Your system is resistant to poisons. (rPois) [potion of mutation]
  1080 | D:2      | HP: 1/27 [poisoned by an adder]
  1082 | D:2      | Succumbed to an adder's poison

Vault maps used:
D:1:      mrwooster_arrival_arrow, kennysheep_small_spiral
D:2:      cheibrodos_greedy_goblins, lemuel_round_altar,
          gammafunk_temple_overflow_statue, minmay_large_rounded_square

Skill      XL: |  1  2 |
---------------+-------+-----
Axes           | 3 |  3.4
Fighting       | |  3.8
Armour         | |  3.2
Shields        | |  3.6

Action                   || total
-------------------------++-------
Melee: War axe           ||   129
  Use: Potion            ||     2
  Eat: Chunk             ||     1
Armor: Scale mail        ||    52
Dodge: Dodged            ||    56
Block: Shield            ||    76
